 Dungeon Crawl Stone Soup version 0.27.1-34-g3ba077fa99 (webtiles) character file.

Game seed: 787624042671905464

9 cbfl8 the Sneak (level 2, -2/27 HPs)
             Began as a Minotaur Delver on Jan 17, 2022.
             Slain by an iguana (8 damage)
             ... on level 5 of the Dungeon.
             The game lasted 00:00:06 (21 turns).

cbfl8 the Sneak (Minotaur Delver)                     Turns: 21, Time: 00:00:06

Health: -2/27      AC:  3    Str: 16    XL:     2   Next: 3%
Magic:  1/1        EV: 11    Int:  7    God:
Gold:   0          SH:  0    Dex: 11    Spells: 1/1 levels left

rFire    . . .     SeeInvis .   a - +0 hand axe
rCold    . . .     Faith    .   (no shield)
rNeg     . . .     Spirit   .   b - +0 leather armour
rPois    .         Reflect  .   (helmet restricted)
rElec    .         Harm     .   (no cloak)
rCorr    .         Rampage  .   (no gloves)
Will     .....                  (no boots)
Stlth    ++........             (no amulet)
HPRegen  0.09/turn              (no ring)
MPRegen  0.07/turn              (no ring)

@: no status effects
A: horns 2, retaliatory headbutt
a: no special abilities


You were on level 5 of the Dungeon.
You visited 1 branch of the dungeon, and saw 1 of its levels.

Inventory:

Hand Weapons
 a - a +0 hand axe (weapon)
Armour
 b - a +0 leather armour (worn)
Wands
 g - a wand of digging (3)
Scrolls
 c - a scroll of fog
 d - a scroll of magic mapping
 e - a scroll of fear
Potions
 f - a potion of haste


   Skills:
 + Level 3.7 Fighting
 + Level 2.4 Axes
 + Level 2.2 Dodging
 + Level 4.4 Stealth


You had one spell level left.
You didn't know any spells.
Your spell library contained the following spells:

 Spells                   Type           Power      Damage    Failure   Level
 Foxfire                  Conj/Fire      0%         2x1d4     50%         1
 Conjure Flame            Conj/Fire      0%         6-21      86%         3
 Inner Flame              Hex/Fire       0%         N/A       86%         3
 Summon Forest            Summ/Tloc      0%         N/A       100%        5
 Eringya's Noxious Bog    Tmut/Pois      0%         N/A       100%        6
 Summon Hydra             Summ           0%         N/A       100%        7


Dungeon Overview and Level Annotations

Branches:
Dungeon (5/15)
 Temple: D:4-7

Altars:


Innate Abilities, Weirdness & Mutations

You have a pair of horns on your head.
You reflexively headbutt those who attack you in melee.


Message History

Found a stone staircase leading down.
Unknown command.
You pick up a book of Flames and begin reading...
You add the spells Foxfire, Conjure Flame and Inner Flame to your library.
You pick up a Fen Folio and begin reading...
You add the spells Summon Forest, Eringya's Noxious Bog and Summon Hydra to your library.
Okay, then.
An adder comes into view.
The adder hisses angrily.
You hear an angry hiss.
The adder bites you but does no damage.
You see here 15 gold pieces.
You closely miss the adder. Your headbutt misses the adder.
The adder bites you but does no damage.
An iguana comes into view.
You hit the adder but do no damage. The adder bites you but does no damage.
The adder bites you.
You are poisoned.
The adder poisons you!
Unknown command.
You hit the adder. You headbutt the adder.
You kill the adder!
You feel sick.
You have reached level 2!
You feel sick. The iguana completely misses you. You furiously retaliate!
You headbutt the iguana.
Unknown command.
You closely miss the iguana. Your headbutt misses the iguana.
The iguana is moderately wounded.
You feel sick. The iguana bites you!
* * * LOW HITPOINT WARNING * * *
Unknown command.
You barely miss the iguana.
The iguana is moderately wounded.
You feel sick.
You are no longer poisoned.
The iguana closely misses you.
You hit the iguana but do no damage.
The iguana is moderately wounded.
The iguana bites you!
You die...

#.....
#....
#.... ...
... # #.#
#.# #l#
#..##@#
#....$#
##.##.#
#.##..#.#
#.......#
#####...#
## ##..#
..
#..##.#
#.>...#


You could see an iguana.

Vanquished Creatures
  An adder (D:5)
1 creature vanquished.

Notes
Turn   | Place    | Note
-------+----------+-------------------------------------------
     0 | D:5      | cbfl8 the Minotaur Delver began the quest for the Orb.
     0 | D:5      | Reached XP level 1. HP: 19/19 MP: 0/0
    15 | D:5      | Noticed an iguana
    18 | D:5      | Reached XP level 2. HP: 20/27 MP: 1/1
    21 | D:5      | Slain by an iguana

Illustrated notes

Levels and vault maps discovered:
D:5:      layout_basic, doesnt_shop_hydraphobe

Action                   || total
-------------------------++-------
Melee: Hand axe          ||     6
       Headbutt          ||     1
Armor: Leather armour    ||     3
Dodge: Dodged            ||     2
